 Dungeon Crawl Stone Soup version 0.27.1-3-gb3d3a73c9e (webtiles) character file.

Game seed: 14209962960995553314

58830 CuBeRJAN3 the Thaumaturge (level 14, -26/70 (88) HPs)
             Began as a Deep Elf Fire Elementalist on Oct 7, 2021.
             Was a High Priest of Sif Muna.
             Annihilated by Donald (34 damage)
             ... on level 2 of the Orcish Mines.
             The game lasted 02:11:05 (29685 turns).

CuBeRJAN3 the Thaumaturge (DEFE)                   Turns: 29685, Time: 02:11:06

HP:   -26/70 (88)   AC:  8    Str:  5    XL:     14   Next: 50%
MP:   11/34         EV: 12    Int: 29    God:    Sif Muna [*****.]
Gold: 2223          SH:  0    Dex: 15    Spells: 2/42 levels left

rFire    + . .     SeeInvis .   n - staff of fire
rCold    + . .     Faith    .   (no shield)
rNeg     . . .     Spirit   .   g - +2 robe {Will+}
rPois    +         Reflect  .   m - +0 helmet
rElec    +         Harm     .   (no cloak)
rCorr    +         Rampage  .   j - +2 pair of gloves {Stlth+}
Will     ++...                  (no boots)
Stlth    ++++++....             x - amulet of regeneration
HPRegen  1.21/turn              p - ring of Toeczoa {rElec rF- rC++ rCorr Int+3}
MPRegen  0.24/turn              P - ring "Fimapolu" {Fire +Blink rPois}

@: heavily drained
A: no striking features
a: Renounce Religion, Evoke Blink, Channel Magic, Forget Spell, Divine Exegesis


You were on level 2 of the Orcish Mines.
You worshipped Sif Muna.
Sif Muna was extremely pleased with you.
You visited 4 branches of the dungeon, and saw 20 of its levels.

You collected 2223 gold pieces.

Inventory:

Missiles
 t - a throwing net
Armour
 g - a +2 robe of willpower (worn)
 j - a +2 pair of gloves of stealth (worn)
 m - a +0 helmet (worn)
 O - the +2 robe of Truth {Regen+}
   (You found it on level 10 of the Dungeon)

   Regen:     It increases your rate of health regeneration.
Magical Staves
 n - a staff of fire (weapon)
 X - a staff of conjuration
Jewellery
 p - the ring of Toeczoa (left hand) {rElec rF- rC++ rCorr Int+3}
   (You found it on level 6 of the Lair of Beasts)

   [ring of resist corrosion]

   Int:       It affects your intelligence (+3).
   rF:        It makes you vulnerable to fire.
   rC:        It greatly protects you from cold.
   rElec:     It insulates you from electricity.
   rCorr:     It protects you from acid and corrosion.
 x - an amulet of regeneration (around neck)
 L - a +4 ring of protection
 P - the ring "Fimapolu" (right hand) {Fire +Blink rPois}
   (You found it on level 10 of the Dungeon)

   [ring of fire]

   It enhances your fire magic.
   rF:        It protects you from fire.
   rC:        It makes you vulnerable to cold.
   rPois:     It protects you from poison.
   +Blink:    It lets you blink.
 Q - a ring of poison resistance
 T - a ring of willpower
Wands
 l - a wand of flame (59)
 A - a wand of iceblast (8)
 C - a wand of polymorph (6)
 K - a wand of acid (18)
 Y - a wand of mindburst (11)
Scrolls
 e - 4 scrolls of noise
 f - 4 scrolls of amnesia
 h - 3 scrolls of summoning
 k - 3 scrolls of enchant weapon
 w - 4 scrolls of magic mapping
 y - 3 scrolls of immolation
 E - 2 scrolls of torment {unknown}
 G - a scroll of brand weapon {unknown}
 I - a scroll of blinking {unknown}
 M - 3 scrolls of enchant armour
 N - 5 scrolls of fog
 R - a scroll of fear {unknown}
 U - 5 scrolls of teleportation
 W - a scroll of holy word {unknown}
 Z - 2 scrolls of identify
Potions
 a - 4 potions of flight {unknown}
 c - 10 potions of curing
 d - a potion of heal wounds
 i - 2 potions of resistance
 o - 2 potions of might
 q - a potion of invisibility {unknown}
 u - 4 potions of attraction
 v - 4 potions of cancellation
 F - 4 potions of haste
 J - 5 potions of magic {unknown}
 S - a potion of mutation {unknown}
 V - a potion of brilliance {unknown}
Miscellaneous
 H - a condenser vane


   Skills:
 * Level 10.2 Fighting
 - Level 2.4 Dodging
 + Level 11.3 Stealth
 + Level 14.7 Spellcasting
 + Level 9.5 Conjurations
 - Level 4.8 Hexes
 + Level 8.3 Translocations
 + Level 10.0 Fire Magic
 + Level 9.1 Poison Magic
 + Level 7.0 Invocations


You had 2 spell levels left.
You knew the following spells:

 Your Spells              Type           Power      Damage    Failure   Level
a - Foxfire               Conj/Fire      100%       2x1d9     1%          1
b - Conjure Flame         Conj/Fire      100%       6-21      1%          3
c - Inner Flame           Hex/Fire       98%        N/A       1%          3
d - Mephitic Cloud        Conj/Pois/Air  55%        N/A       1%          3
e - Sticky Flame          Conj/Fire      100%       2d11      1%          4
f - Ignite Poison         Fire/Tmut/Pois 93%        N/A       1%          3
g - Olgreb's Toxic Radia  Pois           65%        N/A       1%          4
h - Passage of Golubria   Tloc           N/A        N/A       1%          4
i - Fireball              Conj/Fire      54%        3d21      1%          5
j - Bolt of Magma         Conj/Fire/Erth 46%        4d19      4%          5
k - Slow                  Hex            49%        N/A       1%          2
l - Dazzling Flash        Conj/Hex       100%       N/A       1%          3

Your spell library contained the following spells:

 Spells                   Type           Power      Damage    Failure   Level
 Magic Dart               Conj           100%       1d8       1%          1
 Shock                    Conj/Air       100%       1d9       1%          1
 Sting                    Tmut/Pois      100%       1d8       1%          1
 Poisonous Vapours        Pois/Air       96%        N/A       1%          2
 Call Imp                 Summ           21%        N/A       3%          2
 Passwall                 Tmut/Erth      17%        N/A       3%          2
 Confusing Touch          Hex            49%        N/A       1%          3
 Portal Projectile        Hex/Tloc       100%       N/A       1%          3
 Tukima's Dance           Hex            49%        N/A       1%          3
 Iskenderun's Battlesphe  Conj           67%        2d12      1%          5
 Frozen Ramparts          Ice            42%        1d6       7%          3
 Vampiric Draining        Necr           10%        2d7       7%          3
 Ice Form                 Ice/Tmut       21%        N/A       22%         4
 Summon Ice Beast         Ice/Summ       21%        N/A       22%         4
 Metabolic Englaciation   Hex/Ice        17%        N/A       24%         5
 Silence                  Hex/Air        17%        N/A       24%         5
 Yara's Violent Unravell  Hex/Tmut       17%        3d8       24%         5
 Invisibility             Hex            24%        N/A       43%         6
 Iron Shot                Conj/Erth      24%        9d5       45%         6
 Agony                    Necr           21%        N/A       54%         5
 Borgnjor's Vile Clutch   Necr/Erth      10%        N/A       54%         5
 Spellforged Servitor     Conj/Summ      24%        N/A       95%         7
 Haunt                    Necr/Summ      10%        N/A       100%        7
 Summon Hydra             Summ           10%        N/A       100%        7
 Dragon's Call            Summ           10%        N/A       100%        9


Dungeon Overview and Level Annotations

Branches:
Dungeon (11/15)            Temple (1/1) D:4            Lair (6/6) D:8
 Shoals (0/4) Lair:3       Spider (0/4) Lair:4        Slime (0/5) Lair:6
    Orc (2/2) D:11
    Elf: Orc:2

Altars:
Ashenzari
Cheibriados
Dithmenos
Elyvilon
Fedhas
Gozag
Hepliaklqana
Kikubaaqudgha
Makhleb
Nemelex Xobeh
Okawaru
Qazlal
Ru
Sif Muna
Trog
Uskayaw
Vehumet
Wu Jian
Xom
Yredelemnul
Zin
The Shining One
Beogh

Shops:
Orc:2 =[(*(

Annotations:
D:8 Erica
D:10 Fannar
Lair:4 1 runed translucent door, exclusion: door, Vufrucs's ghost, journeyman DrTm
Lair:6 exclusion: 3 oklob plants
Orc:2 Donald


Message History

Donald says, "Orcs complain a lot, don't they?
I hate it."
Items here: ))) [[.
Casting: Foxfire (safe; 1% risk of failure)
Confirm with . or Enter, or press ? or * to list all spells.
Aiming: Fireball (dangerous; 1% risk of failure)
Press: ? - help, Shift-Dir - straight line, f/p - Donald
Aim: Donald, wielding a +2 eveningstar of draining, wearing a +2 plate armour of cold resistance and wearing a +0 kite shield of reflection (moderately wounded, fast, strong)
You feel a strong surge of power!
The fireball explodes!
The fireball engulfs Donald!!
Donald is severely wounded.
Casting: Fireball (dangerous; 1% risk of failure)
Confirm with . or Enter, or press ? or * to list all spells.
Aiming: Fireball (dangerous; 1% risk of failure)
Press: ? - help, Shift-Dir - straight line, f/p - Donald
Aim: Donald, wielding a +2 eveningstar of draining, wearing a +2 plate armour of cold resistance and wearing a +0 kite shield of reflection (severely wounded, fast, strong)
You feel a strong surge of power!
The fireball explodes!
The fireball engulfs Donald!
Donald is severely wounded.
Casting: Foxfire (safe; 1% risk of failure)
Press: ? - help, Q - select action, (/) - cycle Dir - look around, f - activate
Okay, then.
You blink.
Donald says, "I ran into an orc.
He called himself a warlord, and I asked what war?"
Casting: Foxfire (safe; 1% risk of failure)
Confirm with . or Enter, or press ? or * to list all spells.
Aiming: Fireball (dangerous; 1% risk of failure)
Press: ? - help, Shift-Dir - straight line, f/p - Donald
Aim: Donald, wielding a +2 eveningstar of draining, wearing a +2 plate armour of cold resistance and wearing a +0 kite shield of reflection (severely wounded, fast, strong)
You feel a strong surge of power!
The fireball explodes!
The fireball engulfs Donald.
Donald is severely wounded.
You blink.
Donald makes a rude gesture at you.
Donald hits you with a +2 eveningstar of draining!!!
Ouch! That really hurt!
* * * LOW HITPOINT WARNING * * *
You feel drained.
* * * LOW HITPOINT WARNING * * *
Donald hits you with a +2 eveningstar of draining!!
You die...

##............# ###..#
##.............### ..##
#......<#.#....#.### .##
##..<..[###........# #
###.....######.....##
#.........##.......#
###................#
#.............####
##...ยง.@....#.#
###..@.....###
###.......##
##..........##
##[[..........#
##.....[.#.[...####
##.).[..[.#..)..##.##
##......).###[.......#
#........####.......####


You could see Donald (fast, strong).

Vanquished Creatures
  Rupert (Lair:6)
  An orc warlord (Orc:2)
  Nessos (Lair:4)
  Snorg (Orc:2)
  2 ettins (Orc:2)
  Josephine (Lair:6)
  Erolcha (D:9)
  2 boulder beetles
  2 hydras
  3 death yaks
  6 two-headed ogres (D:9)
  Urug (Lair:4)
  An orc high priest (Orc:2)
  Sonja (D:10)
  A goliath frog (Lair:6)
  3 orc knights (Orc:2)
  3 orc sorcerers
  2 cyclopes
  9 elephants
  2 black mambas
  A torpor snail (Lair:5)
  19 cane toads
  6 rime drakes
  9 komodo dragons
  5 trolls
  2 polar bears
  3 tyrant leeches (Lair:6)
  28 blink frogs
  2 dream sheep (Lair:5)
  4 wraiths
  8 yaks
  2 wyverns
  6 basilisks
  3 wargs
  5 vampire mosquitoes
  2 two-headed ogre zombies (D:9)
  10 water moccasins
  A black bear (Lair:1)
  An ice beast (D:7)
  A swamp drake (D:8)
  2 necrophages (D:5)
  23 orc warriors
  24 ogres
  12 wolves
  4 centaurs (Lair:3)
  A kobold brigand (D:10)
  Blork the orc (Orc:2)
  19 bullfrogs
  A gnoll sergeant (D:10)
  3 scorpions
  A wyvern zombie (D:5)
  A wyvern skeleton (D:6)
  A water moccasin skeleton (D:7)
  9 killer bees
  6 howler monkeys
  3 wights (D:6)
  3 electric eels
  4 centaur zombies
  A bullfrog zombie (D:6)
  3 hounds
  3 jellies
  19 orc priests
  2 gnoll shamans
  3 iguanas
  19 orc wizards
  7 hell rats (Lair:5)
  A killer bee zombie (D:6)
  A mummy (D:4)
  17 gnolls
  2 howler monkey zombies
  A howler monkey skeleton (D:6)
  An adder (D:2)
  A shadow imp (D:5)
  A white imp (D:8)
  4 ufetubi
  An adder skeleton (D:4)
  A worm (D:3)
  4 dart slugs
  61 orcs
  6 bats
  6 endoplasms
  3 giant cockroaches (D:1)
  7 hobgoblins
  14 kobolds
  4 quokkas
  9 ball pythons
  3 frilled lizards
  2 goblins
  2 hobgoblin zombies (D:4)
  2 kobold zombies (D:4)
  5 rats
  2 rat zombies (D:7)
  A butterfly (Lair:5)
499 creatures vanquished.

Vanquished Creatures (collateral kills)
  5 foxfires
5 creatures vanquished.

Vanquished Creatures (others)
  1394 foxfires
  24 fungi
  118 plants
1536 creatures vanquished.

Grand Total: 2040 creatures vanquished

Notes
Turn   | Place    | Note
-------+----------+-------------------------------------------
     0 | D:1      | CuBeRJAN3 the Deep Elf Fire Elementalist began the quest
                  | for the Orb.
     0 | D:1      | Reached XP level 1. HP: 10/10 MP: 6/6
   366 | D:1      | Reached XP level 2. HP: 16/16 MP: 5/8
  1118 | D:2      | Reached skill level 1 in Fighting
  1118 | D:2      | Reached XP level 3. HP: 20/20 MP: 6/10
  1150 | D:2      | Learned a level 3 spell: Conjure Flame
  1154 | D:2      | Learned a level 3 spell: Inner Flame
  1320 | D:2      | Reached skill level 4 in Spellcasting
  1409 | D:2      | Reached XP level 4. HP: 25/25 MP: 9/12
  1515 | D:2      | Found a faded altar of an unknown god.
  1794 | D:2      | Learned a level 3 spell: Mephitic Cloud
  1830 | D:3      | Found a shadowy altar of Dithmenos.
  1831 | D:3      | Found a burning altar of Makhleb.
  1868 | D:3      | Found a broken altar of Ashenzari.
  2073 | D:3      | Found a bloodstained altar of Trog.
  2175 | D:3      | Found a glowing golden altar of the Shining One.
  2233 | D:3      | Found a shimmering blue altar of Sif Muna.
  2278 | D:3      | Became a worshipper of Sif Muna the Loreminder
  2614 | D:4      | Reached skill level 1 in Hexes
  2685 | D:4      | Noticed a scorpion
  2767 | D:4      | Noticed an ogre
  2880 | D:4      | Reached XP level 5. HP: 30/30 MP: 6/13
  2940 | D:4      | Reached skill level 1 in Poison Magic
  3268 | D:4      | Reached skill level 5 in Spellcasting
  3274 | D:4      | Reached XP level 6. HP: 35/35 MP: 1/15
  3388 | D:3      | Learned a level 4 spell: Sticky Flame
  3420 | D:4      | Found a staircase to the Ecumenical Temple.
  3789 | Temple   | Entered the Ecumenical Temple
  4003 | D:4      | Reached * piety under Sif Muna
  4165 | D:4      | Reached XP level 7. HP: 40/40 MP: 10/17
  4697 | D:4      | Learned a level 3 spell: Ignite Poison
  4698 | D:5      | Entered Level 5 of the Dungeon
  4755 | D:5      | Reached skill level 6 in Spellcasting
  5239 | D:5      | Found a sacrificial altar of Ru.
  5491 | D:5      | Reached XP level 8. HP: 46/46 MP: 14/19
  6037 | D:6      | Reached skill level 7 in Spellcasting
  6037 | D:6      | Reached skill level 5 in Fire Magic
  6041 | D:6      | Reached skill level 5 in Stealth
  6445 | D:6      | Found a radiant altar of Vehumet.
  6799 | D:6      | Reached ** piety under Sif Muna
  6901 | D:6      | Learned a level 4 spell: Olgreb's Toxic Radiance
  7499 | D:7      | Noticed a troll
  7669 | D:7      | Reached skill level 8 in Spellcasting
  7669 | D:7      | Reached XP level 9. HP: 49/52 MP: 14/23
  8569 | D:7      | Found an ancient bone altar of Kikubaaqudgha.
  8726 | D:7      | Killed a troll
  8808 | D:7      | Reached skill level 5 in Fighting
  8808 | D:7      | Reached skill level 1 in Translocations
  8943 | D:8      | Learned a level 4 spell: Passage of Golubria
  8969 | D:8      | Found a basalt altar of Yredelemnul.
  9555 | D:8      | Noticed Erica
  9845 | D:8      | Noticed a komodo dragon
  9873 | D:8      | Killed a komodo dragon
  9874 | D:8      | Reached skill level 9 in Spellcasting
  9995 | D:8      | Reached skill level 5 in Conjurations
 10185 | D:9      | Identified the +3 falchion of Breach {venom, rC++ Will-
                  | Dex+5}
 10405 | D:9      | Found a glowing silver altar of Zin.
 10585 | D:9      | Noticed a troll
 10597 | D:9      | Killed a troll
 10686 | D:9      | Reached XP level 10. HP: 60/60 MP: 5/25
 10862 | D:9      | Reached *** piety under Sif Muna
 11356 | D:9      | Noticed a two-headed ogre
 11356 | D:9      | Noticed a two-headed ogre
 11462 | D:9      | Reached skill level 5 in Poison Magic
 11515 | D:9      | Noticed a two-headed ogre
 11537 | D:9      | Killed a two-headed ogre
 11538 | D:9      | Reached skill level 10 in Spellcasting
 11544 | D:9      | Killed a two-headed ogre
 12054 | D:9      | Noticed Erolcha
 12272 | D:10     | Entered Level 10 of the Dungeon
 12279 | D:10     | Learned a level 5 spell: Fireball
 12508 | D:10     | Found a hazy altar of Hepliaklqana.
 12668 | D:10     | Identified the +2 robe of Truth {Regen+}
 12722 | D:10     | Noticed Fannar
 12918 | D:10     | Identified the ring "Fimapolu" {Fire +Blink rPois}
 12952 | D:10     | Noticed Sonja
 12966 | D:10     | Killed Sonja
 12967 | D:10     | Reached XP level 11. HP: 66/66 MP: 10/27
 13211 | D:10     | Identified the +2 scale mail of Rukha {Fly Int+4}
 13428 | D:11     | Reached **** piety under Sif Muna
 13429 | D:11     | Reached skill level 11 in Spellcasting
 13491 | D:11     | Found a staircase to the Orcish Mines.
 13503 | D:11     | Noticed a boulder beetle
 13518 | D:11     | Killed a boulder beetle
 13525 | D:11     | Reached skill level 1 in Invocations
 14422 | D:11     | Identified the +0 chain mail of Xyeprupp {MP+9}
 14941 | D:9      | Killed Erolcha
 15085 | D:9      | Noticed a two-headed ogre
 15085 | D:9      | Noticed a two-headed ogre
 15086 | D:9      | Noticed a two-headed ogre
 15097 | D:9      | Killed a two-headed ogre
 15098 | D:9      | Killed a two-headed ogre
 15162 | D:9      | Killed a two-headed ogre
 15162 | D:9      | Killed a two-headed ogre
 15163 | D:9      | Reached skill level 5 in Translocations
 15379 | D:9      | Reached skill level 12 in Spellcasting
 16005 | D:8      | Found a staircase to the Lair.
 16163 | Lair:1   | Entered Level 1 of the Lair of Beasts
 16469 | Lair:1   | Reached XP level 12. HP: 73/73 MP: 3/30
 16597 | Lair:1   | Learned a level 5 spell: Bolt of Magma
 19210 | Lair:3   | Found a blossoming altar of Fedhas.
 19299 | Lair:3   | Noticed a death yak
 19301 | Lair:3   | Noticed a death yak
 19309 | Lair:3   | Noticed a death yak
 19316 | Lair:3   | Killed a death yak
 19317 | Lair:3   | Reached skill level 13 in Spellcasting
 19318 | Lair:3   | Killed a death yak
 19466 | Lair:2   | Killed a death yak
 19466 | Lair:2   | Reached ***** piety under Sif Muna
 19902 | Lair:3   | Found a staircase to the Shoals.
 20343 | Lair:4   | Found a hole to the Spider Nest.
 20630 | Lair:4   | Noticed Nessos
 20631 | Lair:4   | Noticed Urug
 20655 | Lair:4   | Killed Urug
 20756 | Lair:4   | Killed Nessos
 21015 | Lair:4   | Reached XP level 13. HP: 79/79 MP: 19/32
 21318 | Lair:4   | Learned a level 2 spell: Slow
 21330 | Lair:4   | Found a runed translucent door.
 21332 | Lair:4   | Noticed Vufrucs's ghost (journeyman DrTm)
 21517 | Lair:4   | Reached skill level 5 in Invocations
 21604 | Lair:4   | Found a runed translucent door.
 21719 | Lair:4   | HP: 2/80 [five-headed hydra (9)]
 21993 | Lair:5   | Received a gift from Sif Muna
 21994 | Lair:5   | Reached skill level 10 in Stealth
 22256 | Lair:5   | Got Sif Muna's Almanac of Floating Curses {god gift}
 23311 | Lair:5   | Reached skill level 14 in Spellcasting
 23736 | Lair:6   | Entered Level 6 of the Lair of Beasts
 23799 | Lair:6   | Learned a level 3 spell: Dazzling Flash
 24540 | Lair:6   | Identified the +8 dagger "Aplaq" {antimagic, Drain rElec
                  | Str+4}
 24855 | Lair:6   | Noticed Josephine
 25346 | Lair:6   | Killed Josephine
 25500 | Lair:6   | Found a staircase to the Slime Pits.
 25585 | Lair:6   | Reached XP level 14. HP: 87/87 MP: 18/34
 25863 | Lair:6   | Noticed Rupert
 25899 | Lair:6   | Killed Rupert
 26240 | Lair:6   | Identified the ring of Toeczoa {rElec rF- rC++ rCorr Int+3}
 26967 | Orc:1    | Entered Level 1 of the Orcish Mines
 27142 | Orc:1    | Received a gift from Sif Muna
 27470 | Orc:2    | Entered Level 2 of the Orcish Mines
 27626 | Orc:2    | Noticed Snorg
 27919 | Orc:2    | Killed Snorg
 28191 | Orc:2    | Noticed an orc warlord
 28412 | Orc:2    | Reached skill level 10 in Fighting
 28947 | Orc:2    | Killed an orc warlord
 29078 | Orc:2    | Noticed Blork the orc
 29084 | Orc:2    | Killed Blork the orc
 29084 | Orc:2    | Received a gift from Sif Muna
 29139 | Orc:2    | Noticed Donald
 29141 | Orc:2    | Reached skill level 10 in Fire Magic
 29261 | Orc:2    | Got Goiwieger's Catalogue of Creative Stones {god gift}
 29266 | Orc:2    | Found Manwukos's Jewellery Shoppe.
 29269 | Orc:2    | Found Lutad's Antique Weapon Shoppe.
 29273 | Orc:2    | Found Abufyav's Antique Weapon Shop.
 29283 | Orc:2    | Found Xinolab's General Store.
 29324 | Orc:2    | Found Qasanniu's Antique Armour Shoppe.
 29685 | Orc:2    | Annihilated by Donald

Illustrated notes

Levels and vault maps discovered:
D:1:      elethiomel_arrival_infinity_welcomes_careful_drivers,
          layout_loops_ring
D:2:      layout_rooms, shapermc_ecumenical_altar_starsandcircs
D:3:      layout_rooms, amcnicky_altar_gilded, bloody_makhleb,
          mainiacjoe_overflow_boulevard, tso_metal_star,
          mainiacjoe_overflow_small_starburst, evilmike_ruin_ashenzari
D:4:      layout_loops_ring, minmay_temple_entry_proselytizer,
          minmay_mini_ossuary
D:5:      layout_basic, hangedman_ru_absence, nrook_loot_triangle,
          kennysheep_cluttered_room, grunt_ministairs_10
D:6:      layout_loops_ring, lemuel_coloured_pillars_altar
D:7:      layout_loops_cross, lemuel_zombie_altar_kikubaaqudgha,
          serial_bayou_lagoon_b
D:8:      layout_loops_ring, yredelemnul_altar_generic, erik_lair_dragon,
          uniq_erica
D:9:      lemuel_ogre_cave, layout_cave_pods,
          mainiacjoe_overflow_concentric_impassable, serial_column_ruins,
          column_ruins_hut_water, column_ruins_hut, column_ruins_grid_2,
          column_ruins_open_small_water, column_ruins_open_small,
          column_ruins_open_small, column_ruins_grid_1
D:10:     layout_irregular_city, mainiacjoe_overflow_catwalk, uniq_sonja,
          uniq_fannar
D:11:     layout_basic, orc_0_dummy, serial_curves, eino_curves_03,
          eino_curves_01
Temple:   eino_wide_crystal_templ
Lair:1:   layout_hall_layers, lemuel_fruit_tree
Lair:2:   layout_long_grid
Lair:3:   layout_cave_shapes, minmay_shoals_entry_centaurs, basic_altar,
          infiniplex_staircase_pool_2
Lair:4:   layout_long_grid, dummy_spider_entry, ebering_ghost_inner_flame,
          st_stairs_13, pf_torpor_hydra, uniq_nessos, uniq_urug
Lair:5:   layout_loops_ring, grunt_megastairs_3, lemuel_fruit_fields,
          serial_bayou_shore_b
Lair:6:   minmay_lair_end_frog_pond, layout_regular_city,
          minmay_slime_entry_oklob_open, portal_ice_cave_rime,
          kennysheep_basilisk_garden, uniq_josephine, uniq_rupert
Orc:1:    layout_diamond_mine
Orc:2:    grunt_orc_cross, layout_diamond_mine, serial_shops, shop, uniq_donald,
          uniq_snorg, uniq_erolcha

Skill      XL: |  1  2  3  4  5  6  7  8  9 10 11 12 13 14 |
---------------+-------------------------------------------+-----
Fighting       | 1 2 3 4 5 6 7 8 9 10 | 10.2
Spellcasting   | 4 5 6 8 9 10 12 13 14 | 14.7
Stealth        | 3 4 5 6 7 8 9 10 11 | 11.3
Hexes          | 1 2 3 4 |  4.8
Conjurations   | 2 3 4 5 6 7 8 9 |  9.5
Poison Magic   | 1 2 3 4 5 6 7 8 9 |  9.1
Fire Magic     | 4 5 6 7 8 9 10 | 10.0
Translocations | 2 4 5 6 7 8 |  8.3
Invocations    | 3 4 6 7 |  7.0
Dodging        | |  2.4

Action                   |  1- 3 |  4- 6 |  7- 9 | 10-12 | 13-15 || total
-------------------------+-------+-------+-------+-------+-------++-------
Melee: Dagger            |       |     1 |     4 |       |       ||     5
       Short sword       |       |       |       |     5 |       ||     5
       Staff             |       |       |       |     1 |    21 ||    22
 Cast: Foxfire           |    54 |   131 |   253 |   187 |   211 ||   836
       Conjure Flame     |       |     6 |    23 |    18 |       ||    47
       Inner Flame       |       |     4 |    10 |     7 |       ||    21
       Sticky Flame      |       |     1 |     9 |    48 |    52 ||   110
       Mephitic Cloud    |       |       |     3 |       |       ||     3
       Ignite Poison     |       |       |     6 |    25 |    52 ||    83
       Olgreb's Toxic Ra |       |       |     5 |    19 |    45 ||    69
       Passage of Golubr |       |       |       |     1 |       ||     1
       Fireball          |       |       |       |    51 |    73 ||   124
       Bolt of Magma     |       |       |       |    22 |     6 ||    28
       Slow              |       |       |       |       |     7 ||     7
 Abil: Evoke Blink       |       |       |       |     1 |     5 ||     6
  Use: Scroll            |     5 |     1 |     8 |    10 |     2 ||    26
       Potion            |       |       |       |     1 |     1 ||     2
Armor: Robe              |     1 |    18 |     6 |    43 |    51 ||   119
Dodge: Dodged            |     4 |    29 |    30 |    89 |   117 ||   269
